 Dungeon Crawl Stone Soup version 0.25.0-9-g26727b657a (webtiles) character file.

Game seed: 1852520544080492295

28 protoss039 the Sneak (level 2, -1/15 HPs)
             Began as a Vampire Enchanter on June 20, 2020.
             Slain by a hobgoblin
             ... wielding a +0 club
              (4 damage)
             ... on level 1 of the Dungeon.
             The game lasted 00:02:16 (913 turns).

protoss039 the Sneak (Vampire Enchanter)             Turns: 913, Time: 00:02:17

Health: -1/15      AC:  2    Str:  7    XL:     2   Next: 96%
Magic:  2/5        EV: 13    Int: 17    God:
Gold:   57         SH:  0    Dex: 14    Spells: 4/5 levels left

rFire    . . .     SeeInvis +   a - +1 dagger
rCold    + + .     Gourm    .   (no shield)
rNeg     + + +     Faith    .   b - +0 robe
rPois    ∞         Spirit   .   (no helmet)
rElec    .         Reflect  .   (no cloak)
rCorr    .         Harm     .   (no gloves)
MR       .....                  (no boots)
Stlth    +++++.....             (no amulet)
HPRegen  0.00/turn              (no ring)
MPRegen  0.09/turn              (no ring)

@: bloodless
A: no food, fangs 3, see invisible, unbreathing
a: Revivify


You were on level 1 of the Dungeon.
You were bloodless.

You visited 1 branch of the dungeon, and saw 1 of its levels.

You collected 57 gold pieces.

Inventory:

Hand Weapons
 a - a +1 dagger (weapon)
 e - a +0 short sword
Armour
 b - a +0 robe (worn)
Scrolls
 c - a scroll of amnesia {unknown}
 d - a scroll of enchant weapon {unknown}
Potions
 f - a potion of curing {unknown}
 g - 2 potions of lignification {unknown}
 h - a potion of berserk rage {unknown}


   Skills:
 + Level 1.3 Short Blades
 + Level 2.5 Dodging
 + Level 5.0 Stealth
 + Level 2.3 Spellcasting
 + Level 4.9 Hexes


You had 4 spell levels left.
You knew the following spells:

 Your Spells              Type           Power        Failure   Level  Hunger
a - Corona                Hex            ###....      2%          1    N/A

Your spell library contained the following spells:

 Spells                   Type           Power        Failure   Level  Hunger
 Confusing Touch          Hex            ###.....     8%          3    N/A
 Tukima's Dance           Hex            ###.....     8%          3    N/A
 Ensorcelled Hibernation  Hex/Ice        ##....       11%         2    N/A
 Dazzling Flash           Conj/Hex       ##....       21%         3    N/A

Dungeon Overview and Level Annotations

Branches:
Dungeon (1/15)

Altars:


Innate Abilities, Weirdness & Mutations

You do not eat.
You do not regenerate when monsters are visible.
You are frail without blood (-20% HP).
You can heal yourself when you bite living creatures.
You are immune to poison.
You have razor-sharp teeth.
You have supernaturally acute eyesight. (SInv)
You can survive without breathing.


Message History

You kill the hobgoblin!
Casting: Corona (safe; 2% risk of failure)
Confirm with . or Enter, or press ? or * to list all spells.
Aiming: Corona (safe; 2% risk of failure)
Press: ? - help, Shift-Dir - straight line, f - hobgoblin
Aim: a hobgoblin, wielding a +0 club (chance to defeat MR: 73%)
The hobgoblin barely resists.
The hobgoblin hits you but does no damage.
You barely miss the hobgoblin. The hobgoblin barely misses you.
Casting: Corona (safe; 2% risk of failure)
Confirm with . or Enter, or press ? or * to list all spells.
Aiming: Corona (safe; 2% risk of failure)
Press: ? - help, Shift-Dir - straight line, f/p - hobgoblin
Aim: a hobgoblin, wielding a +0 club (chance to defeat MR: 73%)
The hobgoblin is outlined in light.
The hobgoblin hits you with a +0 club.
* * * LOW HITPOINT WARNING * * *
You hit the hobgoblin.
The hobgoblin is moderately wounded.
The hobgoblin hits you with a +0 club.
You die...

#.####†# ########.####.#.
#.# #.# #......#.# #.#.
#)# #.# #.####†#.# #...
#.# #.# #.#..#.#.#######
#.# #.# #............###
#.####.########.......#..
#...........).........#..
######.########.......#..
#..@g.# ##..###.###
#####.#####..# #
#####........#
#...........##
#............#
#........###.#
######..... ...
...#+##..... ..... .....


You could see a hobgoblin (corona).

Vanquished Creatures
  An ooze (D:1)
  A leopard gecko (D:1)
  A giant cockroach (D:1)
  3 goblins (D:1)
  5 hobgoblins (D:1)
  4 bats (D:1)
  A frilled lizard (D:1)
  3 kobolds (D:1)
  2 rats (D:1)
21 creatures vanquished.

Notes
Turn   | Place    | Note
-------+----------+-------------------------------------------
     0 | D:1      | protoss039 the Vampire Enchanter began the quest for the
                  | Orb.
     0 | D:1      | Reached XP level 1. HP: 13/13 MP: 3/3
   218 | D:1      | Reached XP level 2. HP: 15/15 MP: 5/5
   656 | D:1      | Reached skill level 5 in Stealth
   913 | D:1      | Slain by a hobgoblin

Illustrated notes

Levels and vault maps discovered:
D:1:      dpeg_arrival_morbid_curiosity, layout_basic, roderic_roman_lattice

Skill      XL: |  1  2 |
---------------+-------+-----
Stealth        | 5 |  5.0
Short Blades   | |  1.3
Dodging        | |  2.5
Spellcasting   | |  2.3
Hexes          | |  4.9

Action                   || total
-------------------------++-------
Melee: Dagger            ||    50
       Bite              ||     5
 Cast: Corona            ||    11
 Abil: Exsanguinate      ||     1
 Stab: Sleeping          ||    12
Armor: Robe              ||     2
Dodge: Dodged            ||    24
